 Dungeon Crawl Stone Soup version 0.30.0-16-gbe6223bb7e (webtiles) character file.

Game seed: 11894806270048050889

8610 AlmostDecent the Skirmisher (level 11, -2/95 HPs)
             Began as a Minotaur Hunter on May 20, 2023.
             Was a Priest of Okawaru.
             Succumbed to a green ugly thing's poison
             ... on level 9 of the Dungeon.
             The game lasted 00:34:00 (9826 turns).

AlmostDecent the Skirmisher (Minotaur Hunter)       Turns: 9826, Time: 00:34:01

Health: -2/95      AC: 18    Str: 17 (19) XL:     11   Next: 12%
Magic:  10/11      EV:  9    Int:  3 (6)  God:    Okawaru [***...]
Gold:   219        SH: 10    Dex: 15 (18) Spells: 10/10 levels left

rFire   . . .        H - +4 war axe (freeze)
rCold   . . .        c - +0 kite shield
rNeg    . . .        A - +6 chain mail "Pieth" {rCorr Str+3}
rPois   .            (helmet restricted)
rElec   .            j - +0 cloak
rCorr   +            (no gloves)
SInv    .            (no boots)
Will    .....        e - amulet of magic regeneration
Stlth   +            w - +4 ring of slaying
HPRegen 0.35/turn    k - ring of flight
MPRegen 0.52/turn

%: no passive effects
@: lethally poisoned (-2 -> -30), heroic, flying, hasted, very quick
A: horns 2, retaliatory headbutt
a: Renounce Religion, Heroism


You were on level 9 of the Dungeon.
You worshipped Okawaru.
Okawaru was most pleased with you.
You visited 2 branches of the dungeon, and saw 10 of its levels.
You also visited: Ossuary.

You collected 485 gold pieces.
You spent 266 gold pieces at shops.

Inventory:

Hand Weapons
 a - a +0 shortbow
 u - a +2 short sword of speed
 H - a +4 war axe of freezing (weapon)
Armour
 c - a +0 kite shield (worn)
 j - a +0 cloak (worn)
 A - the +6 chain mail "Pieth" (worn) {rCorr Str+3}
   (You bought it in a shop on level 2 of the Dungeon)

   Str:       It affects your strength (+3).
   rCorr:     It protects you from acid and corrosion.
Jewellery
 e - an amulet of magic regeneration (around neck)
 i - a ring of wizardry
 k - a ring of flight (right hand)
 w - a +4 ring of slaying (left hand)
Wands
 I - a wand of digging (5)
Scrolls
 b - 2 scrolls of immolation
 d - 4 scrolls of enchant armour
 f - 3 scrolls of enchant weapon
 g - 3 scrolls of poison
 h - a scroll of magic mapping
 l - 6 scrolls of fear
 t - 5 scrolls of teleportation
 y - a scroll of blinking
 D - 2 scrolls of silence
 J - a scroll of identify
Potions
 m - a potion of cancellation {unknown}
 p - 3 potions of flight
 q - 2 potions of might {unknown}
 s - 4 potions of mutation
 v - 4 potions of resistance
 x - a potion of magic {unknown}
 z - 2 potions of haste
 B - a potion of curing {unknown}
 C - 2 potions of invisibility
 E - 2 potions of ambrosia {unknown}
 F - 2 potions of attraction {unknown}
 G - 5 potions of lignification {unknown}


   Skills:
 + Level 8.5(13.5) Fighting
 - Level 0.9(5.9) Short Blades
 * Level 12.0(17.0) Axes
 - Level 12.9(17.9) Ranged Weapons
 - Level 4.1(9.1) Armour
 - Level 2.9(7.9) Dodging
 - Level 1.5(6.5) Stealth
 + Level 0.9(5.9) Shields
 + Level 1.7 Invocations


You had 10 spell levels left.
You didn't know any spells.
Your spell library contained the following spells:

 Spells                   Type           Power      Damage    Failure   Level
 Magic Dart               Conj           0%         1d3       100%        1
 Cigotuvi's Dreadful Rot  Necr/Pois/Air  0%         N/A       100%        2
 Searing Ray              Conj           0%         2d4       100%        2
 Dispel Undead            Necr           0%         3d6       100%        4
 Fulminant Prism          Conj/Hex       0%         3d5       100%        4
 Death Channel            Necr           Unusable   N/A       N/A         6

Dungeon Overview and Level Annotations

Branches:
Dungeon (9/15)             Temple (1/1) D:6             Orc (0/2) D:9
Ossuary (visited)
   Lair: D:8-11

Altars:
Ashenzari
Cheibriados
Dithmenos
Elyvilon
Gozag
Kikubaaqudgha
Makhleb
Okawaru
Qazlal
Ru
Sif Muna
Wu Jian
The Shining One

Shops:
D:2 [   D:5 [*[*   D:8 (

Annotations:
D:8 2 runed translucent doors, Licon's ghost, novice TrGl


Innate Abilities, Weirdness & Mutations

You have a pair of horns on your head.
You reflexively headbutt those who attack you in melee.


Message History

You barely miss the green ugly thing.
A meliai comes into view. It is wielding a +0 hand axe.
The green ugly thing pecks you but does no damage.
The meliai buzzes angrily.
You hit the green ugly thing. You freeze the green ugly thing.
You headbutt the green ugly thing.
The green ugly thing is lightly wounded.
You feel like a meek peon again.
You slice the green ugly thing!! You freeze the green ugly thing.
The green ugly thing is heavily wounded.
You block the green ugly thing's attack.
You slash the green ugly thing! You freeze the green ugly thing.
The green ugly thing is heavily wounded.
The green ugly thing pecks you!
You are poisoned.
The green ugly thing poisons you!
The green ugly thing pecks you but does no damage.
You closely miss the green ugly thing.
The green ugly thing is heavily wounded.
You feel extremely sick. The green ugly thing pecks you!
You are lethally poisoned!
The green ugly thing poisons you!
You closely miss the green ugly thing.
The green ugly thing is heavily wounded.
* * * LOW HITPOINT WARNING * * *
You feel extremely sick.
You block the green ugly thing's attack.
You gain the combat prowess of a mighty hero.
* * * LOW HITPOINT WARNING * * *
You feel extremely sick.
The green ugly thing pecks you but does no damage.
It was a potion of degeneration.
There was something very wrong with that liquid.
You feel weakened.
You feel dopey.
You feel clumsy.
* * * LOW HITPOINT WARNING * * *
You feel extremely sick.
You block the green ugly thing's attack.
It was a potion of haste.
You feel yourself speed up.
You die...

#. ####... . #.##.#..#.
.. #. #.#....#.. ..# .#
#(##.###.# #..# #### .###
##..# #.# #...# )..
..:##..####.# .....####o
.####..##.....
......#.##(##.#...#......
........@uo#......#......
.....##.##?##.###........
... #..###..# ###...... .
##..#..######..<...
##....##..........
###..............
....................
###.........####....
###.....### #....


You could see a green ugly thing and an orc warrior.

Vanquished Creatures
  A two-headed ogre (D:9)
  2 centaur warriors (D:9)
  Maurice (D:8)
  A wyvern (D:7)
  11 yaks
  6 steam dragons
  A water moccasin (D:6)
  3 orc warriors
  3 sky beasts
  3 ogres
  An ice beast (D:8)
  A centaur (D:9)
  A phantom (D:6)
  Blork the orc (D:6)
  A kobold brigand (D:9)
  3 bullfrogs
  A gnoll sergeant (D:9)
  4 scorpions
  4 wights
  7 killer bees
  11 electric eels (D:8)
  4 centaur zombies (Ossuary)
  A jelly (D:4)
  2 gnoll boudas
  5 hounds
  6 orc priests
  A human zombie (Ossuary)
  An iguana (D:6)
  2 sleepcaps (D:7)
  Terence (D:3)
  6 orc wizards
  An ogre zombie (Ossuary)
  7 mummies (Ossuary)
  11 gnolls
  7 adders
  4 white imps
  8 adder zombies (Ossuary)
  2 worms (D:2)
  3 dart slugs
  37 orcs
  12 endoplasms
  4 giant cockroaches
  9 goblins
  9 hobgoblins
  6 jackals
  11 kobolds
  4 quokkas
  5 ball pythons
  5 bats
  A frilled lizard (D:2)
  3 goblin zombies (Ossuary)
  3 hobgoblin zombies (Ossuary)
  3 kobold zombies (Ossuary)
  An orc zombie (Ossuary)
  2 quokka zombies (Ossuary)
  4 rats
  4 rat zombies (Ossuary)
262 creatures vanquished.

Notes
Turn   | Place    | Note
-------+----------+-------------------------------------------
     0 | D:1      | AlmostDecent the Minotaur Hunter began the quest for the
                  | Orb.
     0 | D:1      | Reached XP level 1. HP: 18/18 MP: 0/0
   133 | D:1      | Reached XP level 2. HP: 25/25 MP: 1/1
   256 | D:1      | Reached skill level 5 in Ranged Weapons
   325 | D:1      | Reached XP level 3. HP: 31/31 MP: 2/2
   918 | D:2      | Reached skill level 1 in Armour
  1051 | D:2      | Found Ronuo's Antique Armour Shoppe.
  1422 | D:3      | Reached XP level 4. HP: 37/38 MP: 3/3
  1625 | D:3      | Noticed Terence
  1633 | D:3      | Killed Terence
  2009 | D:3      | Found a faded altar of an unknown god.
  2252 | D:4      | Reached XP level 5. HP: 45/45 MP: 4/4
  2301 | D:4      | Reached skill level 1 in Stealth
  2469 | D:4      | Found an opulent altar of Gozag.
  2578 | D:4      | Reached XP level 6. HP: 47/51 MP: 5/5
  2896 | D:5      | Entered Level 5 of the Dungeon
  3023 | D:5      | Reached XP level 7. HP: 52/58 MP: 6/6
  3212 | D:2      | Bought a spiked chain mail for 266 gold pieces
  3212 | D:2      | Identified the +6 chain mail "Pieth" {rCorr Str+3} (You
                  | bought it in a shop on level 2 of the Dungeon)
  3389 | D:5      | Found Vesox's Armour Boutique.
  3394 | D:5      | Found Ytzo Nyr's General Store.
  3398 | D:5      | Found Juapait's Antique Armour Boutique.
  3399 | D:5      | Found Etriciruv's General Store.
  3711 | D:6      | Found a sand-covered staircase.
  3715 | D:6      | Noticed Blork the orc
  3727 | D:6      | Killed Blork the orc
  3734 | Ossuary  | Entered an ossuary
  4405 | D:6      | Reached skill level 10 in Ranged Weapons
  4405 | D:6      | Reached XP level 8. HP: 64/67 MP: 7/7
  4553 | D:6      | Found a staircase to the Ecumenical Temple.
  4565 | Temple   | Entered the Ecumenical Temple
  4716 | Temple   | Became a worshipper of Warmaster Okawaru
  5019 | D:6      | You fall into a shaft and drop 1 floor!
  5031 | D:7      | Found a shadowy altar of Dithmenos.
  5311 | D:6      | Found a shimmering blue altar of Sif Muna.
  6098 | D:7      | Reached * piety under Okawaru
  6099 | D:7      | Reached skill level 5 in Fighting
  6169 | D:7      | Reached XP level 9. HP: 21/74 MP: 8/8
  7052 | D:8      | Reached skill level 1 in Axes
  7688 | D:8      | Reached skill level 1 in Invocations
  7756 | D:8      | Reached skill level 5 in Axes
  7756 | D:8      | Reached ** piety under Okawaru
  7759 | D:8      | Reached XP level 10. HP: 24/86 MP: 9/9
  8101 | D:8      | Found Veodgho's Weapon Shop.
  8110 | D:8      | Found a large runed translucent door.
  8111 | D:8      | Found a large runed translucent door.
  8113 | D:8      | Noticed Licon's ghost (novice TrGl)
  8143 | D:8      | HP: 3/86 [electric eel/bolt of electricity (10)]
  8704 | D:8      | Noticed Maurice
  8716 | D:8      | Killed Maurice
  9090 | D:9      | Noticed a two-headed ogre
  9097 | D:9      | Killed a two-headed ogre
  9098 | D:9      | Reached skill level 10 in Axes
  9109 | D:9      | Found a staircase to the Orcish Mines.
  9211 | D:9      | Noticed a gargoyle
  9268 | D:9      | Reached *** piety under Okawaru
  9784 | D:9      | Noticed a centaur warrior
  9788 | D:9      | Noticed a centaur warrior
  9808 | D:9      | Killed a centaur warrior
  9809 | D:9      | Reached XP level 11. HP: 58/95 MP: 11/11
  9812 | D:9      | Noticed a green ugly thing
  9817 | D:9      | Killed a centaur warrior
  9825 | D:9      | HP: 3/95 [poisoned by a green ugly thing]
  9826 | D:9      | Succumbed to a green ugly thing's poison

Illustrated notes

Levels and vault maps discovered:
D:1:      dpeg_arrival_pits, layout_loops_ring, palyth_stone_intersect
D:2:      layout_loops_ring, serial_shops, shop
D:3:      layout_rooms, nicolae_ecumenical_oubliette, serial_aquarium,
          aquarium_bridge_square [aquarium_subvault_wall,
          aquarium_subvault_bridge, aquarium_subvault_bridge,
          aquarium_subvault_bridge], aquarium_bridge_square
          [aquarium_subvault_window, aquarium_subvault_bridge,
          aquarium_subvault_bridge, aquarium_subvault_wall], aquarium_window_1,
          aquarium_window_1, aquarium_window_1, aquarium_window_1,
          aquarium_view_2d, aquarium_view_2f, aquarium_pool_2, uniq_terence
D:4:      layout_rooms, nicolae_gozag_cash_rules_everything_around_me
D:5:      layout_rooms, minmay_shop_grid_forest
D:6:      layout_loops_ring, nicolae_sif_muna_little_library,
          minmay_temple_entry_mini_moons, portal_sewer_entry_d,
          nicolae_ossuary_entry_monument, minmay_misc_feat_diagonals,
          st_stairs_10, uniq_blork_the_orc
D:7:      layout_gridville, nicolae_dithmenos_shadow_blocks
D:8:      layout_basic, serial_bayou, serial_bayou_lagoon_b,
          serial_bayou_pond_b, serial_bayou_shore_a, serial_bayou_pond_c,
          serial_shops, nicolae_diamond_shop, ebering_ghost_disaster_area,
          uniq_maurice
D:9:      layout_cave_pods, david_orc_3, minmay_misc_feat_four_crosses,
          minmay_fractal_squares_gapless_7
Temple:   hellmonk_temple_flake

Skill      XL: |  1  2  3  4  5  6  7  8  9 10 11 |
---------------+----------------------------------+-----
Ranged Weapons | 5 6 7 8 10 12 | 12.9
Fighting       | 3 4 5 7 8 |  8.5
Armour         | 1 2 3 4 |  4.1
Stealth        | 1 |  1.5
Axes           | 6 11 12 | 12.0
Invocations    | 1 |  1.7
Short Blades   | |  0.9
Dodging        | |  2.9
Shields        | |  0.9

Action                     |  1- 3 |  4- 6 |  7- 9 | 10-12 || total
---------------------------+-------+-------+-------+-------++-------
  Melee: Short sword       |       |     4 |    52 |       ||    56
         Headbutt          |       |       |    22 |    20 ||    42
         War axe           |       |       |    30 |   130 ||   160
         Punch             |       |       |     2 |     1 ||     3
   Fire: Shortbow          |   116 |   144 |   282 |       ||   542
 Invoke: Heroism           |       |       |     7 |    11 ||    18
    Use: Potion            |       |     3 |     7 |     3 ||    13
         Scroll            |       |       |    11 |     1 ||    12
   Stab: Invisible         |       |     1 |       |       ||     1
 Armour: Leather armour    |    15 |    11 |       |       ||    26
         Chain mail        |       |       |   162 |    66 ||   228
  Dodge: Dodged            |    24 |    45 |   114 |    52 ||   235
  Block: Kite shield       |       |       |       |    31 ||    31
